cohdb
Replays
Latest Replays
All Replays
Popular Replays
Top Player Replays
Match Explorer
How It Works
Community
CoH3 Stats
Reddit
Sign in to upload your games and track your stats! →
Sign in with Steam
Match 46562571
Unlisted
Match 46562571
Overview
Messages
Build Orders
End
Kradschützen Motorcycle Team
Selects Panzerjäger Kommand Battlegroup
Selects Mine Fields
Panzergrenadier Squad
Panzergrenadier Squad
250 Light Carrier
Construct Light Support Kompanie
Combat Half-tracks
Fire Support Elements
Pak 38 Anti-tank Gun Team
Flakvierling Half-track
Selects Defensive Positions
Assault Grenadier Squad
2.5-tonne Medical Truck
Construct Panzerarmee Kommand
Selects Butterfly Bomb Drop
Butterfly Bomb Drop
Panzer III L Medium Tank
Panzer III L Medium Tank
Selects Tank Busters
Walking Stuka Rocket Launcher
Butterfly Bomb Drop
Assault Grenadier Squad
Butterfly Bomb Drop
Panzer III L Medium Tank
Armored Reserves
Assault Grenadier Squad
Panzerpioneer Squad
Selects Crew Shock Tactics
Emergency Repair Kits
Advanced Optics
Tungsten Core Ammunition
Selects Anti-tank Overwatch
Butterfly Bomb Drop
STARSHOPPING
Nougat [AdG]
Handgranaten Herbert
DirtyGrandpa
XuZhongwei
沙耶の呗
3+++
✪ saber
0
0
Comments
sign in to comment!
No comments posted yet!